 Dungeon Crawl Stone Soup version 0.24.0-123-gd5b16e6ec5 (webtiles) character file.

Game seed: 8884622356776635222, levelgen mode: deterministic

1389 Amplified the Skirmisher (level 8, -5/65 HPs)
             Began as a Barachi Fighter on Jan 28, 2020.
             Was a Follower of Okawaru.
             Killed by divine providence
             ... invoked by an orc priest
              (10 damage)
             ... on level 8 of the Dungeon.
             The game lasted 00:07:19 (5107 turns).

Amplified the Skirmisher (Barachi Fighter)          Turns: 5107, Time: 00:07:19

Health: -5/65      AC: 12    Str: 20    XL:     8   Next: 68%
Magic:  11/12      EV: 11    Int: 12    God:    Okawaru [*.....]
Gold:   206        SH: 13    Dex: 12    Spells: 12/13 levels left

rFire    . . .     SeeInvis .   d - +0 morningstar
rCold    . . .     Gourm    .   c - +1 shield
rNeg     . . .     Faith    .   m - +0 scale mail
rPois    .         Spirit   .   (no helmet)
rElec    .         Reflect  .   n - +0 cloak
rCorr    .         Harm     .   (no gloves)
MR       .....                  (no boots)
Stlth    +.........             (no amulet)
HPRegen  0.20/turn              g - +3 ring of protection
MPRegen  0.13/turn              i - +4 ring of intelligence

@: heroism, can't hop, slow
A: +LOS, swims, slowness 1, strong legs 1
a: Hop, Heroism, Renounce Religion


You were on level 8 of the Dungeon.
You worshipped Okawaru.
Okawaru was aware of your devotion.
You were not hungry.

You visited 1 branch of the dungeon, and saw 8 of its levels.

You collected 206 gold pieces.

Inventory:

Hand Weapons
 d - a +0 morningstar (weapon)
Armour
 c - a +1 shield (worn)
 m - a +0 scale mail (worn)
 n - a +0 cloak (worn)
Jewellery
 g - a +3 ring of protection (left hand)
 i - a +4 ring of intelligence (right hand)
Wands
 a - a wand of random effects (6) (quivered)
Scrolls
 k - 2 scrolls of identify
Potions
 b - 2 potions of flight
 l - a potion of brilliance
Comestibles
 f - 5 rations


   Skills:
 * Level 6.9(11.9) Fighting
 * Level 5.7(10.7) Maces & Flails
 - Level 3.6(8.6) Armour
 * Level 6.3(11.3) Shields
 - Level 3.0 Spellcasting
 * Level 3.2 Hexes
 * Level 3.0 Invocations


You had 12 spell levels left.
You knew the following spells:

 Your Spells              Type           Power        Failure   Level  Hunger
a - Confusing Touch       Hex            #.....       26%         1    #......

Your spell library contained the following spells:

 Spells                   Type           Power        Failure   Level  Hunger
 Confuse                  Hex            #.......     61%         3    ###....
 Gell's Gravitas          Tloc           #.........   96%         3    ###....
 Petrify                  Tmut/Erth      #.......     100%        4    #####..
 Metabolic Englaciation   Hex/Ice        #.........   100%        5    ######.
 Yara's Violent Unravell  Hex/Tmut       #.........   100%        5    ######.


Dungeon Overview and Level Annotations

Branches:
Dungeon (8/15)             Temple (0/1) D:5
   Lair: D:8-11

Altars:
Elyvilon
Gozag
Okawaru
Sif Muna
Trog
Vehumet
Xom
Yredelemnul
Zin

Annotations:
D:4 Menkaure
D:7 Slings!, Joseph


Innate Abilities, Weirdness & Mutations

Shadows flee at your approach. (+LOS)
You can swim through water.
You cover ground slowly.
You can hop short distances.


Message History

The orc priest begins to cast a cantrip, but forgets the words!
The orc priest misses you. You block the orc's attack. x2
Okay, then.
The orc wizard barely misses you.
The orc warrior hits you with a +0 war axe!
* * * LOW HITPOINT WARNING * * *
You block the orc's attack.
Unknown command.
The orc wizard misses you. You block the orc's attack.
Unknown command.
The orc warrior seems less drained.
The orc wizard casts a spell.
The orc wizard flickers and vanishes!
Deactivating autopickup; reactivate with Ctrl-A.
A magic dart appears from out of thin air!
The magic dart hits you!
* * * LOW HITPOINT WARNING * * *
The orc priest invokes the aid of Beogh against you.
Beogh smites you!
You die...

#.#.#..###.#.#####.
#.#.#..###.#.......
#.#.#..#....(.#
#.#.#.........#
#.#.#..)......#
#.#.#...#...######.
#.#.#o..#.o..o.....
#####.#.#.#oo.#o#########
........@.#...#o..o..o..
#####.#.#.o.o{#...######
#.###...#$.... #.
........### ## ##.####..#
#.. ..# ### .?.. ####


You could see 2 orc priests.

Vanquished Creatures
  Grinder (D:3)
  Eustachio (D:4)
  A hungry ghost (D:6)
  A water moccasin (D:7)
  3 bullfrogs (D:7)
  A scorpion (D:6)
  2 killer bees
  Crazy Yiuf (D:2)
  2 centaur skeletons
  An orc wizard (D:5)
  2 hounds
  Jessica (D:3)
  3 worker ants
  A hound skeleton (D:7)
  2 adders (D:3)
  10 gnolls
  An adder zombie (D:7)
  4 worms
  3 leopard geckos
  7 orcs
  3 giant cockroaches
  7 goblins
  6 hobgoblins
  8 kobolds
  4 quokkas
  A ball python (D:1)
  7 bats
  3 frilled lizards
  A jackal skeleton (D:7)
  A quokka skeleton (D:5)
  6 rats
95 creatures vanquished.

Notes
Turn   | Place    | Note
-------+----------+-------------------------------------------
     0 | D:1      | Amplified the Barachi Fighter began the quest for the Orb.
     0 | D:1      | Reached XP level 1. HP: 18/18 MP: 1/1
   294 | D:1      | Reached XP level 2. HP: 25/25 MP: 2/2
  1005 | D:2      | Reached XP level 3. HP: 30/30 MP: 3/3
  1228 | D:2      | Learned a level 1 spell: Confusing Touch
  1602 | D:2      | Found a runed translucent door.
  1603 | D:2      | Noticed Crazy Yiuf
  1612 | D:2      | Killed Crazy Yiuf
  1612 | D:2      | Reached XP level 4. HP: 31/38 MP: 4/4
  1698 | D:3      | Reached skill level 1 in Hexes
  1704 | D:3      | Noticed Grinder
  1705 | D:3      | Paralysed by Grinder for 7 turns
  1730 | D:3      | Paralysed by Grinder for 4 turns
  1737 | D:3      | Killed Grinder
  1737 | D:3      | Reached skill level 5 in Fighting
  1737 | D:3      | Reached XP level 5. HP: 22/44 MP: 5/5
  1737 | D:3      | Reached XP level 6. HP: 25/51 MP: 6/6
  1895 | D:3      | Noticed Jessica
  1899 | D:3      | Killed Jessica
  2010 | D:3      | Found a basalt altar of Yredelemnul.
  2011 | D:3      | Found an iron altar of Okawaru.
  2032 | D:3      | Became a worshipper of Warmaster Okawaru
  2132 | D:3      | Reached skill level 5 in Shields
  2393 | D:3      | Reached XP level 7. HP: 47/56 MP: 8/8
  2398 | D:3      | Reached skill level 1 in Spellcasting
  2590 | D:3      | Found an opulent altar of Gozag.
  2590 | D:3      | Found a glowing silver altar of Zin.
  2720 | D:4      | Reached skill level 1 in Invocations
  2957 | D:4      | Noticed Eustachio
  3016 | D:4      | Killed Eustachio
  3016 | D:4      | Reached * piety under Okawaru
  3131 | D:4      | Noticed Menkaure
  3142 | D:5      | Entered Level 5 of the Dungeon
  3377 | D:5      | Found a staircase to the Ecumenical Temple.
  3583 | D:6      | Noticed a hungry ghost
  3613 | D:6      | Killed a hungry ghost
  3613 | D:6      | Reached skill level 5 in Maces & Flails
  3613 | D:6      | Reached XP level 8. HP: 59/64 MP: 11/11
  3636 | D:6      | Noticed a cyan ugly thing
  4375 | D:7      | Found a radiant altar of Vehumet.
  4375 | D:7      | Found a white marble altar of Elyvilon.
  4427 | D:7      | Found a bloodstained altar of Trog.
  4428 | D:7      | Found a shimmering blue altar of Sif Muna.
  4874 | D:7      | Noticed Joseph
  5092 | D:8      | Found a shimmering altar of Xom.
  5093 | D:8      | Found the +7 mace of Variability {chain chaos}
  5107 | D:8      | Killed from afar by an orc priest

Levels and vault maps discovered:
D:1:      scummos_arrival_simple_fountains, layout_rooms, minmay_misc_feat_tiny
D:2:      layout_basic, uniq_crazy_yiuf_cottage
D:3:      layout_basic, grunt_temple_overflow_gold_and_silver,
          gammafunk_temple_overflow_pools, kennysheep_jessica_study,
          uniq_grinder
D:4:      layout_loops_ring, first_ration, uniq_menkaure, uniq_eustachio
D:5:      layout_rooms, temple_pool_b
D:6:      layout_cave_pools, serial_column_ruins, column_ruins_hut_ruined,
          column_ruins_square_huge, column_ruins_grid_1,
          column_ruins_columns_dead_end, column_ruins_corridor_straight,
          column_ruins_grid_4
D:7:      layout_loops_ring, nicolae_overflow_hidden_temple, grunt_livestock,
          uniq_prince_ribbit1, uniq_joseph
D:8:      layout_basic, grunt_decor_mini_mirrors,
          minmay_guarded_unrand_variability

Skill      XL: |  1  2  3  4  5  6  7  8 |
---------------+-------------------------+-----
Fighting       | 4 5 6 |  6.9
Maces & Flails | 3 4 5 |  5.7
Shields        | 4 5 6 |  6.3
Hexes          | 2 3 |  3.2
Spellcasting   | 2 3 |  3.0
Invocations    | 2 3 |  3.0
Armour         | |  3.6

Action                   |  1- 3 |  4- 6 |  7- 9 || total
-------------------------+-------+-------+-------++-------
Melee: Flail             |   119 |   103 |   169 ||   391
       Morningstar       |       |       |    62 ||    62
Throw: Throwing net      |       |       |     1 ||     1
Invok: Heroism           |       |       |     2 ||     2
 Abil: Hop               |       |       |     3 ||     3
Evoke: Wand              |       |       |     8 ||     8
  Use: Scroll            |     3 |     5 |     7 ||    15
       Potion            |     1 |     6 |     5 ||    12
  Eat: Chunk             |     2 |     4 |     6 ||    12
       Ration            |       |       |     4 ||     4
Armor: Scale mail        |    38 |    49 |   136 ||   223
Dodge: Dodged            |    43 |    30 |    94 ||   167
Block: Shield            |    62 |    56 |   181 ||   299
